| TOP OF THE 1ST |
|
Birmingham Barons batting - Pitching for Chattanooga Lookouts : RHP Bud Puffer
|
|
Pitching: RHP Bud Puffer
|
|
|
Batting: RHB Jeremy Hoffert
|
0-0: Swinging Strike 0-1: Ball 1-1: Ball 2-1: Fly out, F7 (Flyball, 7LM, EV 102.5 MPH)
|
|
Batting: LHB Brandon Hopper
|
0-0: Swinging Strike 0-1: Swinging Strike 0-2: Foul Ball, location: 2F 0-2: Ball 1-2: Foul Ball, location: 2F 1-2: Ball 2-2: Foul Ball, location: 2F 2-2: Foul Ball, location: 2F 2-2: Ball 3-2: Base on Balls
|
|
Batting: RHB Guillermo Mojica
|
0-0: Foul Ball, location: 2F Pickoff Throw to First - Out! 1-3 0-1: Ball 1-1: Ground out 1-3 (Groundball, 13S, EV 65.0 MPH)
|
| Top of the 1st over - 0 runs, 0 hits, 0 errors, 0 left on base; Birmingham 0 - Chattanooga 0 |
| BOTTOM OF THE 1ST |
|
Chattanooga Lookouts batting - Pitching for Birmingham Barons : RHP Ruben Castro
|
|
Pitching: RHP Ruben Castro
|
|
|
Batting: RHB J.J. Powers
|
0-0: Ball 1-0: Called Strike 1-1: Foul Ball, location: 2F 1-2: Ball 2-2: Ball 3-2: Fly out, F9 (Flyball, 9D, EV 90.6 MPH)
|
|
Batting: LHB Jim Pankratz
|
0-0: Ball 1-0: Called Strike 1-1: Foul Ball, location: 2F 1-2: Ground out 5-3 (Groundball, 56, EV 105.0 MPH)
|
|
Batting: RHB Miguel Diaz
|
0-0: Swinging Strike 0-1: Called Strike 0-2: Ball 1-2: Foul Ball, location: 2F 1-2: Ball 2-2: DOUBLE (Line Drive, 8LXD, EV 98.8 MPH)
|
|
Batting: LHB Matt Robertson
|
0-0: Called Strike 0-1: Foul Ball, location: 2F 0-2: Ball 1-2: SINGLE (Line Drive, 6MD, EV 105.0 MPH) Miguel Diaz to third
|
|
Batting: SHB Ian Thompson
|
0-0: Ball 1-0: Swinging Strike 1-1: Ball Matt Robertson steals 2nd base (no throw) 2-1: Foul Ball, location: 2F 2-2: Ground out 1-3 (Groundball, 25, EV 72.5 MPH)
|
| Bottom of the 1st over - 0 runs, 2 hits, 0 errors, 2 left on base; Birmingham 0 - Chattanooga 0 |
| TOP OF THE 2ND |
|
Birmingham Barons batting - Pitching for Chattanooga Lookouts : RHP Bud Puffer
|
|
Batting: LHB Josh Pittman
|
0-0: Ball 1-0: Foul Ball, location: 2F 1-1: Foul Ball, location: 2F 1-2: Ball 2-2: Foul Ball, location: 2F 2-2: Ball 3-2: Fly out, F9 (Flyball, 89D, EV 102.5 MPH)
|
|
Batting: LHB Carlos Ramirez
|
0-0: DOUBLE (Groundball, 3L, EV 103.1 MPH)
|
|
Batting: LHB Herkko Haavikko
|
0-0: Called Strike 0-1: Called Strike 0-2: Strikes out swinging
|
|
Batting: LHB Jason Bell
|
0-0: Ball 1-0: Ball 2-0: Ball 3-0: Called Strike 3-1: Foul Ball, location: 2F 3-2: Ground out 4-3 (Groundball, 4, EV 95.6 MPH)
|
| Top of the 2nd over - 0 runs, 1 hit, 0 errors, 1 left on base; Birmingham 0 - Chattanooga 0 |
| BOTTOM OF THE 2ND |
|
Chattanooga Lookouts batting - Pitching for Birmingham Barons : RHP Ruben Castro
|
|
Batting: RHB Manuel Juarez
|
0-0: Ball 1-0: Ground out 6-3 (Groundball, 6, EV 102.5 MPH)
|
|
Batting: RHB Jose Nunez
|
0-0: Ball 1-0: Foul Ball, location: 2F 1-1: Called Strike 1-2: Ball 2-2: Ball 3-2: Foul Ball, location: 2F 3-2: Base on Balls
|
|
Batting: LHB Justin Wenzel
|
0-0: Called Strike 0-1: Called Strike Jose Nunez steals 2nd base 0-2: Foul Ball, location: 2F 0-2: Foul Ball, location: 2F 0-2: Ball 1-2: Foul Ball, location: 2F 1-2: Foul Ball, location: 2F 1-2: Fly out, F3 (Line Drive, 34, EV 68.1 MPH)
|
|
Batting: LHB Seung-jun Chang
|
0-0: Foul Ball, location: 2F 0-1: Ball 1-1: Swinging Strike 1-2: Ball 2-2: Ball 3-2: Base on Balls
|
|
Batting: RHB J.J. Powers
|
0-0: Called Strike 0-1: Foul Ball, location: 2F 0-2: Ball 1-2: DOUBLE (Flyball, 89D, EV 96.2 MPH) Jose Nunez scores Seung-jun Chang to third Runner from 3rd tries for Home, SAFE, throw by CF to trailing runner, SAFE at third!
|
|
Batting: LHB Jim Pankratz
|
0-0: Ball 1-0: Ball 2-0: Ground out 6-3 (Groundball, 6, EV 91.2 MPH)
|
| Bottom of the 2nd over - 2 runs, 1 hit, 0 errors, 1 left on base; Birmingham 0 - Chattanooga 2 |
| TOP OF THE 3RD |
|
Birmingham Barons batting - Pitching for Chattanooga Lookouts : RHP Bud Puffer
|
|
Batting: RHB Chris Simmons
|
0-0: Swinging Strike 0-1: Foul Ball, location: 2F 0-2: Ball 1-2: Ball 2-2: Foul Ball, location: 2F 2-2: Ball 3-2: Strikes out looking
|
|
Batting: SHB Lee Dillon
|
0-0: Ball 1-0: Called Strike 1-1: Ball 2-1: Called Strike 2-2: Strikes out looking
|
|
Batting: RHB Jeremy Hoffert
|
0-0: Ball 1-0: Ball 2-0: Foul Ball, location: 2F 2-1: Ball 3-1: Ground out U3 (Groundball, 34S, EV 68.1 MPH)
|
| Top of the 3rd over - 0 runs, 0 hits, 0 errors, 0 left on base; Birmingham 0 - Chattanooga 2 |
| BOTTOM OF THE 3RD |
|
Chattanooga Lookouts batting - Pitching for Birmingham Barons : RHP Ruben Castro
|
|
Batting: RHB Miguel Diaz
|
0-0: Swinging Strike 0-1: SINGLE (Groundball, 6D, EV 96.2 MPH)
|
|
Batting: LHB Matt Robertson
|
0-0: Foul Ball, location: 2F 0-1: DOUBLE (Line Drive, 7LM, EV 104.4 MPH) Miguel Diaz to third
|
|
Batting: SHB Ian Thompson
|
0-0: Ball 1-0: Ball 2-0: Ball 3-0: Called Strike 3-1: Base on Balls
|
|
Batting: RHB Manuel Juarez
|
0-0: SINGLE (Groundball, 6MD, EV 102.5 MPH) Miguel Diaz scores Matt Robertson to third Ian Thompson to second
|
|
Batting: RHB Jose Nunez
|
0-0: Ball 1-0: Ball 2-0: Ball 3-0: Base on Balls Matt Robertson scores Ian Thompson to third Manuel Juarez to second
|
|
Batting: LHB Justin Wenzel
|
0-0: Called Strike 0-1: Called Strike 0-2: Fly out, F9 (Line Drive, 9, EV 91.2 MPH) Runner from 3rd tags up, SCORES, no throw by RF
|
|
Pitching: RHP Jon Baily
|
|
|
Batting: LHB Seung-jun Chang
|
0-0: Ball 1-0: SINGLE (Groundball, 34D, EV 95.6 MPH) Manuel Juarez to third Jose Nunez to second Runner from 3rd tries for Home, SAFE, throw by RF to home
|
|
Batting: RHB J.J. Powers
|
0-0: Ball 1-0: Fielders Choice at 2nd, 5-4 (Groundball, 56, EV 85.0 MPH) Jose Nunez to third
|
|
Batting: LHB Jim Pankratz
|
0-0: Called Strike 0-1: SINGLE (Groundball, 4D, EV 109.4 MPH) Jose Nunez scores J.J. Powers to second Runner from 2nd tries for 3rd, SAFE, throw by CF made at trailing runner, OUT! 8-6
|
| Bottom of the 3rd over - 5 runs, 5 hits, 0 errors, 1 left on base; Birmingham 0 - Chattanooga 7 |
| TOP OF THE 4TH |
|
Birmingham Barons batting - Pitching for Chattanooga Lookouts : RHP Bud Puffer
|
|
Batting: LHB Brandon Hopper
|
0-0: Called Strike 0-1: Ball 1-1: Called Strike 1-2: Ball 2-2: Ball 3-2: SINGLE (Line Drive, 34, EV 110.0 MPH)
|
|
Batting: RHB Guillermo Mojica
|
0-0: Called Strike 0-1: Ball 1-1: Swinging Strike 1-2: Foul Ball, location: 2F 1-2: Ball 2-2: SINGLE (Groundball, 4MD, EV 105.6 MPH) Brandon Hopper to second
|
|
Batting: LHB Josh Pittman
|
0-0: Ball 1-0: Called Strike 1-1: Ball 2-1: Ball 3-1: Base on Balls Brandon Hopper to third Guillermo Mojica to second
|
|
Batting: LHB Carlos Ramirez
|
0-0: Called Strike 0-1: Foul Ball, location: 2F 0-2: Ball 1-2: Foul Ball, location: 2F 1-2: Fielders Choice at 2nd, 6-4 (Groundball, 6, EV 90.6 MPH) Brandon Hopper scores Guillermo Mojica to third
|
|
Batting: LHB Herkko Haavikko
|
0-0: Called Strike 0-1: Called Strike 0-2: Ball 1-2: Fielders Choice at 2nd, 6-4 (Groundball, 6D, EV 106.9 MPH) Guillermo Mojica scores
|
|
Batting: LHB Jason Bell
|
0-0: Called Strike 0-1: Ball 1-1: Foul Ball, location: 2F 1-2: Ball 2-2: Fly out, F8 (Flyball, 8RXD, EV 104.4 MPH)
|
| Top of the 4th over - 2 runs, 2 hits, 0 errors, 1 left on base; Birmingham 2 - Chattanooga 7 |
| BOTTOM OF THE 4TH |
|
Chattanooga Lookouts batting - Pitching for Birmingham Barons : RHP Jon Baily
|
|
Batting: RHB Miguel Diaz
|
0-0: Ball 1-0: Foul Ball, location: 2F 1-1: Foul Ball, location: 2F 1-2: Strikes out swinging
|
|
Batting: LHB Matt Robertson
|
0-0: Swinging Strike 0-1: Called Strike 0-2: Ball 1-2: Foul Ball, location: 2F 1-2: Strikes out swinging
|
|
Batting: SHB Ian Thompson
|
0-0: Swinging Strike 0-1: Ball 1-1: Ball 2-1: Ball 3-1: Base on Balls
|
|
Batting: RHB Manuel Juarez
|
0-0: Foul Ball, location: 2F 0-1: Called Strike 0-2: Ball 1-2: Ball 2-2: Ball 3-2: Ground out 6-3 (Groundball, 6, EV 105.6 MPH)
|
| Bottom of the 4th over - 0 runs, 0 hits, 0 errors, 1 left on base; Birmingham 2 - Chattanooga 7 |
| TOP OF THE 5TH |
|
Birmingham Barons batting - Pitching for Chattanooga Lookouts : RHP Bud Puffer
|
|
Batting: RHB Chris Simmons
|
0-0: Ground out 5-3 (Groundball, 5, EV 101.2 MPH)
|
|
Batting: SHB Lee Dillon
|
0-0: Ball 1-0: Ball 2-0: Called Strike 2-1: Swinging Strike 2-2: Ground out 6-3 (Groundball, 6MD, EV 86.9 MPH)
|
|
Batting: RHB Jeremy Hoffert
|
0-0: Called Strike 0-1: Ball 1-1: Ball 2-1: Ground out U3 (Groundball, 34S, EV 69.4 MPH)
|
| Top of the 5th over - 0 runs, 0 hits, 0 errors, 0 left on base; Birmingham 2 - Chattanooga 7 |
| BOTTOM OF THE 5TH |
|
Chattanooga Lookouts batting - Pitching for Birmingham Barons : RHP Jon Baily
|
|
Batting: RHB Jose Nunez
|
0-0: Foul Ball, location: 2F 0-1: Ball 1-1: Ball 2-1: SINGLE (Line Drive, 6M, EV 95.0 MPH)
|
|
Batting: LHB Justin Wenzel
|
0-0: Called Strike 0-1: Grounds into double play, 1-6-3 (Groundball, 13S, EV 70.0 MPH)
|
|
Batting: LHB Seung-jun Chang
|
0-0: Called Strike 0-1: Foul Ball, location: 2F 0-2: Foul Ball, location: 2F 0-2: Strikes out looking
|
| Bottom of the 5th over - 0 runs, 1 hit, 0 errors, 0 left on base; Birmingham 2 - Chattanooga 7 |
| TOP OF THE 6TH |
|
Birmingham Barons batting - Pitching for Chattanooga Lookouts : RHP Bud Puffer
|
|
Batting: LHB Brandon Hopper
|
0-0: Ball 1-0: Fly out, F7 (Flyball, 7LM, EV 82.5 MPH)
|
|
Batting: RHB Guillermo Mojica
|
0-0: Ball 1-0: Ground out 6-3 (Groundball, P, EV 86.2 MPH)
|
|
Batting: LHB Josh Pittman
|
0-0: Foul Ball, location: 2F 0-1: Foul Ball, location: 2F 0-2: Ball 1-2: Ball 2-2: Fly out, F7 (Flyball, 7, EV 88.8 MPH)
|
| Top of the 6th over - 0 runs, 0 hits, 0 errors, 0 left on base; Birmingham 2 - Chattanooga 7 |
| BOTTOM OF THE 6TH |
|
Chattanooga Lookouts batting - Pitching for Birmingham Barons : RHP Jon Baily
|
|
Batting: RHB J.J. Powers
|
0-0: Ball 1-0: Swinging Strike 1-1: Foul Ball, location: 2F 1-2: Ball 2-2: Ground out 6-3 (Groundball, 6, EV 87.5 MPH)
|
|
Batting: LHB Jim Pankratz
|
0-0: Ball 1-0: Ball 2-0: Reached via error on a dropped throw from 2B, E3 (Groundball, 4S, EV 71.2 MPH)
|
|
Batting: RHB Miguel Diaz
|
0-0: Ball Jim Pankratz steals 2nd base 1-0: Swinging Strike 1-1: Called Strike 1-2: Ball 2-2: Ball 3-2: Foul Ball, location: 2F 3-2: Foul Ball, location: 2F 3-2: Ground out 1-3 (Groundball, 34S, EV 62.5 MPH) Jim Pankratz to third
|
|
Batting: LHB Matt Robertson
|
0-0: Swinging Strike 0-1: Called Strike 0-2: Foul Ball, location: 2F 0-2: SINGLE (Line Drive, 89S, EV 101.2 MPH) Jim Pankratz scores
|
|
Batting: SHB Ian Thompson
|
0-0: Called Strike Matt Robertson steals 2nd, throwing error, E2 Matt Robertson to third 0-1: Ball 1-1: Called Strike 1-2: Ball 2-2: Foul Ball, location: 2F 2-2: Strikes out swinging
|
| Bottom of the 6th over - 1 run, 1 hit, 2 errors, 1 left on base; Birmingham 2 - Chattanooga 8 |
| TOP OF THE 7TH |
|
Birmingham Barons batting - Pitching for Chattanooga Lookouts : RHP Bud Puffer
|
|
Pitching: LHP Pete Zamarron
|
|
|
Batting: LHB Carlos Ramirez
|
0-0: Ball 1-0: Ball 2-0: Foul Ball, location: 2F 2-1: Called Strike 2-2: Strikes out swinging
|
|
Batting: LHB Herkko Haavikko
|
0-0: Ball 1-0: Called Strike 1-1: Ground out 4-3 (Groundball, 4, EV 80.6 MPH)
|
|
Batting: LHB Jason Bell
|
0-0: Ball 1-0: Foul Ball, location: 2F 1-1: Swinging Strike 1-2: Ground out 6-3 (Groundball, 6, EV 86.9 MPH)
|
| Top of the 7th over - 0 runs, 0 hits, 0 errors, 0 left on base; Birmingham 2 - Chattanooga 8 |
| BOTTOM OF THE 7TH |
|
Chattanooga Lookouts batting - Pitching for Birmingham Barons : RHP Jon Baily
|
|
Batting: RHB Manuel Juarez
|
0-0: Foul Ball, location: 2F 0-1: Ball 1-1: Ball 2-1: Called Strike 2-2: Ball 3-2: Foul Ball, location: 2F 3-2: Foul Ball, location: 2F 3-2: Base on Balls
|
|
Pitching: LHP Juan Medrano
|
|
|
Batting: RHB Jose Nunez
|
0-0: Ball 1-0: Grounds into double play, 6-4-3 (Groundball, 6, EV 85.0 MPH)
|
|
Batting: LHB Justin Wenzel
|
0-0: SINGLE (Line Drive, 78S, EV 100.6 MPH)
|
|
Batting: LHB Seung-jun Chang
|
0-0: Ball 1-0: Ball 2-0: Called Strike 2-1: Called Strike Justin Wenzel steals 2nd base 2-2: Ball 3-2: Ground out 5-3 (Groundball, 5L, EV 86.9 MPH)
|
| Bottom of the 7th over - 0 runs, 1 hit, 0 errors, 1 left on base; Birmingham 2 - Chattanooga 8 |
| TOP OF THE 8TH |
|
Birmingham Barons batting - Pitching for Chattanooga Lookouts : LHP Pete Zamarron
|
|
Batting: RHB Chris Simmons
|
0-0: Called Strike 0-1: Ball 1-1: Fly out, F7 (Flyball, 7D, EV 98.8 MPH)
|
|
Batting: SHB Lee Dillon
|
0-0: Ball 1-0: Ball 2-0: Fly out, F3 (Popup, 3F, EV 65.0 MPH)
|
|
Batting: RHB Jeremy Hoffert
|
0-0: Called Strike 0-1: Ball 1-1: Foul Ball, location: 2F 1-2: Ground out 6-3 (Groundball, 6, EV 101.9 MPH)
|
| Top of the 8th over - 0 runs, 0 hits, 0 errors, 0 left on base; Birmingham 2 - Chattanooga 8 |
| BOTTOM OF THE 8TH |
|
Chattanooga Lookouts batting - Pitching for Birmingham Barons : LHP Juan Medrano
|
|
Batting: RHB J.J. Powers
|
0-0: Foul Ball, location: 2F 0-1: Ball 1-1: Foul Ball, location: 2F 1-2: Ball 2-2: Ball 3-2: TRIPLE (Line Drive, 78XD, EV 109.4 MPH)
|
|
Batting: LHB Jim Pankratz
|
0-0: Called Strike 0-1: Ball 1-1: Ball 2-1: Foul Ball, location: 2F 2-2: 2-RUN HOME RUN (Flyball, 9LD, EV 93.1 MPH), Distance : 346 ft
|
|
Batting: RHB Miguel Diaz
|
0-0: Ball 1-0: Ground out 4-3 (Groundball, 4, EV 91.9 MPH)
|
|
Batting: LHB Matt Robertson
|
0-0: Ball 1-0: Ball 2-0: Ball 3-0: Called Strike 3-1: Base on Balls
|
|
Batting: SHB Ian Thompson
|
0-0: Called Strike 0-1: Ball 1-1: Foul Ball, location: 2F 1-2: Ball 2-2: Ball 3-2: SINGLE (Line Drive, 78S, EV 89.4 MPH) Matt Robertson to second
|
|
Batting: RHB Manuel Juarez
|
0-0: Ball 1-0: Foul Ball, location: 2F 1-1: Grounds into double play, 1-6-3 (Groundball, 34S, EV 66.9 MPH)
|
| Bottom of the 8th over - 2 runs, 3 hits, 0 errors, 1 left on base; Birmingham 2 - Chattanooga 10 |
| TOP OF THE 9TH |
|
Birmingham Barons batting - Pitching for Chattanooga Lookouts : LHP Pete Zamarron
|
|
Pinch Hitting: RHB Mike Titus
|
0-0: Called Strike 0-1: Swinging Strike 0-2: Ball 1-2: Strikes out swinging
|
|
Batting: RHB Guillermo Mojica
|
0-0: Foul Ball, location: 2F 0-1: Ball 1-1: Ball 2-1: Foul Ball, location: 2F 2-2: Ball 3-2: Fly out, F9 (Flyball, 89S, EV 80.0 MPH)
|
|
Batting: LHB Josh Pittman
|
0-0: Fly out, F7 (Flyball, 7LS, EV 73.8 MPH)
|
| Top of the 9th over - 0 runs, 0 hits, 0 errors, 0 left on base; Birmingham 2 - Chattanooga 10 |
|